 Dungeon Crawl Stone Soup version 0.19-a0-678-ge7aab0b (webtiles) character file.

83066 FitzyFitz the Fencer (level 15, -2/108 HPs)
             Began as a High Elf Gladiator on June 14, 2016.
             Was a Follower of Uskayaw.
             Slain by a wolf spider (10 damage)
             ... on level 4 of the Lair of Beasts on June 16, 2016.
             The game lasted 02:11:42 (42082 turns).

FitzyFitz the Fencer (High Elf Gladiator)          Turns: 42082, Time: 02:11:42

Health: -2/108     AC:  8    Str: 14    XL:     15   Next: 31%
Magic:  0/21       EV: 20    Int: 18    God:    Uskayaw [*.....]
Gold:   1309       SH:  0    Dex: 18    Spells: 2 memorised, 16 levels left

rFire  . . .     SeeInvis .     a - +9 triple sword (freeze)
rCold  + . .     Gourm    .     O - +0 leather armour {rPois}
rNeg   . . .     Faith    .     (shield currently unavailable)
rPois  +         Spirit   +     g - +1 helmet
rElec  .         Dismiss  .     (no cloak)
rCorr  .         Reflect  .     V - +0 pair of gloves
SustAt .         Harm     .     C - +0 pair of boots
MR     ++...                    N - amulet of guardian spirit
Stlth  ++++......               R - ring of protection from cold
                                t - ring of protection from magic

@: about to teleport, very resistant to hostile enchantments, stealthy
A: no striking features
a: Stomp, Renounce Religion


You were on level 4 of the Lair of Beasts.
You worshipped Uskayaw.
Uskayaw was aware of your devotion.
You were near starving.

You visited 6 branches of the dungeon, and saw 22 of its levels.
You also visited: Volcano.

You collected 2343 gold pieces.
You spent 1034 gold pieces at shops.

Inventory:

Hand Weapons
 a - a +9 triple sword of freezing (weapon)
 b - the +7 longbow "Veumpor" {freeze, MR+}
   (You bought it in a shop on level 2 of the Orcish Mines)

   It causes projectiles fired from it to freeze those they strike, causing
   extra injury to most foes and up to half again as much damage against
   particularly susceptible opponents.
   They can also slow down cold-blooded creatures.
   It affects your resistance to hostile enchantments.
 d - a +4 scimitar of flaming
 q - a +2 great sword of protection
Missiles
 o - 363 arrows
 x - 72 stones (quivered)
Armour
 g - a +1 helmet (worn)
 C - a +0 pair of boots (worn)
 G - the +3 leather armour of Unic {rElec MP+9 Slay+2}
   (You found it on level 4 of the Dungeon)

   It affects your accuracy and damage with ranged weapons and melee attacks
   (+2).
   It insulates you from electricity.
   It affects your magic capacity (+9).
 O - a +0 leather armour of poison resistance (worn)
 V - a +0 pair of gloves (worn)
Jewellery
 e - an uncursed amulet of faith
 t - a ring of protection from magic (left hand)
 N - an amulet of guardian spirit (around neck)
 R - a ring of protection from cold (right hand)
Wands
 c - a wand of enslavement (6/24)
 B - a wand of enslavement (7/24)
Scrolls
 n - a scroll of enchant weapon
 p - 4 scrolls of remove curse
 w - 3 scrolls of teleportation
 A - a scroll of magic mapping
 D - a scroll of enchant armour
 S - a scroll of silence {unknown}
 W - a scroll of immolation
Potions
 h - a potion of might
 m - 2 potions of magic
 r - 3 potions of lignification
 F - 2 potions of flight
Comestibles
 f - 11 bread rations
 i - a slice of pizza
 k - 20 fruits


   Skills:
 + Level 12.2 Fighting
 - Level 19.5 Long Blades
 + Level 10.4 Bows
 - Level 2.0 Throwing
 - Level 5.0 Armour
 - Level 11.4 Dodging
 + Level 8.1 Stealth
 - Level 2.1 Spellcasting
 - Level 3.0 Summonings
 - Level 3.2 Translocations
 + Level 7.5 Invocations


You had 16 spell levels left.
You knew the following spells:

 Your Spells              Type           Power        Failure   Level  Hunger
a - Apportation           Tloc           ##........   8%          1    #......
b - Summon Butterflies    Summ           ##......     8%          1    #......


Dungeon Overview and Level Annotations

Branches:
Dungeon (11/15)            Temple (1/1) D:7            Lair (6/6) D:8
 Shoals (1/4) Lair:3       Spider (1/4) Lair:4        Slime (0/5) Lair:5
    Orc (2/2) D:9             Elf (0/3) Orc:2

Altars:
Ashenzari
Cheibriados
Dithmenos
Elyvilon
Fedhas
Gozag
Hepliaklqana
Kikubaaqudgha
Makhleb
Nemelex Xobeh
Okawaru
Pakellas
Qazlal
Ru
Sif Muna
Trog
Uskayaw
Vehumet
Xom
Yredelemnul
Zin
The Shining One

Shops:
D:4 (   Orc:2 ((%}

Annotations:
Lair:3 exclusion: oklob plant


Message History

You can no longer pass through a line of other dancers.
The wolf spider closely misses you. The wolf spider barely misses you.
The demonic crawler completely misses you.
The demonic crawler closely misses you. x2
The wolf spider completely misses you. x2
The wolf spider hits you! The wolf spider misses you. The wolf spider hits you!
The wolf spider bites you.
* * * LOW HITPOINT WARNING * * *
The demonic crawler hits you!
* * * LOW HITPOINT WARNING * * *
The demonic crawler hits you!
* * * LOW HITPOINT WARNING * * *
The demonic crawler completely misses you.
As you read the scroll of teleportation, it crumbles to dust.
You feel strangely unstable. The wolf spider closely misses you.
The wolf spider bites you!
* * * LOW HITPOINT WARNING * * *
The demonic crawler closely misses you. The demonic crawler barely misses you.
The demonic crawler closely misses you. The wolf spider hits you!
You die...

#..................#..#..###...
#.................#####..##.##.
##..##.........#.##.......###.#
#..####........#####.......####
##..# ##......P# ##........# ##
##..# #......####.......#P# #.
#P..# ##...#.###...>....### ##
#...# ####...#.......### #.
#P..# ##.@.......[# #P ##..#
##.ss......>## ## ##.##
#.#.......†.# #P #.#.#
##.........## ## #####
#......#### # ##.P#### # #P..#
##..# #..#


You could see a demonic crawler and a wolf spider.

Vanquished Creatures
  Frances (Lair:4)
  Maud (D:10)
  An orc warlord (D:9)
  Fannar (D:10)
  10 hydras
  Erica (D:9)
  3 death yaks (Lair:2)
  A queen ant (Lair:3)
  4 orc high priests
  A sea snake (Shoals:1)
  5 orc knights (Orc:2)
  A lindwurm (Lair:5)
  3 wolf spiders
  Pikel (D:6)
  3 orb spiders
  7 orc sorcerers
  A griffon (Lair:6)
  A faun (Shoals:1)
  A manticore (Volcano)
  A cyclops (D:11)
  2 hornets (Lair:6)
  9 elephants
  Joseph (D:8)
  9 black mambas
  A guardian serpent (Lair:6)
  A gargoyle (D:11)
  17 spiny frogs
  2 torpor snails
  2 molten gargoyles (Volcano)
  5 rime drakes
  7 komodo dragons
  7 jumping spiders
  4 trolls
  2 merfolk (Shoals:1)
  A polar bear (Lair:5)
  2 two-headed ogres
  18 blink frogs
  A boulder beetle (Lair:4)
  14 redbacks
  Sigmund (D:2)
  A wraith (D:11)
  9 fire bats
  A tarantella (Lair:4)
  10 wyverns
  50 yaks
  2 basilisks
  A human (D:7)
  A steam dragon (Lair:2)
  7 hippogriffs
  2 wargs (Orc:1)
  2 mottled dragons (Volcano)
  Edmund (D:6)
  7 swamp worms (Lair:1)
  4 soldier ants (Lair:3)
  15 porcupines
  18 water moccasins
  A sky beast (D:8)
  An ice beast (D:11)
  8 wasps
  3 phantoms
  2 slaves (D:6)
  12 ogres
  25 orc warriors
  6 centaurs
  5 wolves
  A big kobold (D:10)
  24 crocodiles
  22 giant frogs
  A gnoll sergeant (D:10)
  A wyvern skeleton (D:8)
  4 scorpions
  5 killer bees
  An electric eel (Lair:3)
  5 howler monkeys
  5 crimson imps
  3 giant frog zombies
  2 lava snakes (Volcano)
  4 jellies
  2 centaur skeletons
  17 orc priests
  3 hounds
  31 orc wizards
  3 giant frog skeletons
  8 iguanas
  Natasha (thrice) (D:3)
  23 worker ants
  5 hell rats (Lair:3)
  9 sheep
  3 hound skeletons
  A worker ant zombie (D:9)
  11 gnolls
  18 adders
  A howler monkey skeleton (D:9)
  64 river rats
  2 shadow imps
  3 oozes
  An adder zombie (D:8)
  13 worms
  14 dart slugs
  6 giant geckos
  93 orcs
  4 giant cockroaches
  13 goblins
  4 hobgoblins
  15 jackals
  6 quokkas
  A ball python (D:2)
  7 bats
  3 giant newts
  10 kobolds
  3 rats (D:2)
  2 fungi
  5 plants
833 creatures vanquished.

Vanquished Creatures (collateral kills)
  An orb spider (Spider:1)
  A wyvern (Lair:6)
2 creatures vanquished.

Vanquished Creatures (others)
  A wasp (D:4)
  An orc wizard (Orc:2)
  3 orcs
  2 bushes (D:8)
  25 fungi
  28 plants
60 creatures vanquished.

Grand Total: 895 creatures vanquished

Notes
Turn   | Place    | Note
--------------------------------------------------------------
     0 | D:1      | FitzyFitz the High Elf Gladiator began the quest for the Orb.
     0 | D:1      | Reached XP level 1. HP: 14/14 MP: 2/2
    42 | D:1      | Reached skill level 4 in Long Blades
   362 | D:1      | Reached XP level 2. HP: 19/19 MP: 3/3
   824 | D:2      | Found a sparkling altar of Nemelex Xobeh.
   997 | D:2      | Reached XP level 3. HP: 20/24 MP: 4/4
  1083 | D:2      | Noticed Sigmund
  1581 | D:2      | Reached skill level 5 in Long Blades
  1943 | D:2      | Reached XP level 4. HP: 19/29 MP: 5/5
  2279 | D:2      | Killed Sigmund
  2279 | D:2      | Reached skill level 6 in Long Blades
  2279 | D:2      | Reached skill level 5 in Dodging
  2279 | D:2      | Reached XP level 5. HP: 28/34 MP: 6/6
  2518 | D:3      | Noticed Natasha
  2522 | D:3      | Killed Natasha
  2522 | D:3      | Reached XP level 6. HP: 27/39 MP: 7/7
  3242 | D:3      | Reached skill level 7 in Long Blades
  3953 | D:3      | Noticed Natasha
  3966 | D:3      | Killed Natasha
  4046 | D:3      | Noticed Natasha
  4072 | D:3      | Killed Natasha
  4588 | D:4      | Reached XP level 7. HP: 23/46 MP: 8/8
  4753 | D:4      | You fall through a shaft for 3 floors!
  4765 | D:7      | Reached skill level 8 in Long Blades
  4940 | D:7      | Found a staircase to the Ecumenical Temple.
  4946 | Temple   | Entered the Ecumenical Temple
  4982 | Temple   | Became a worshipper of Uskayaw the Reveler
  5271 | D:7      | Reached * piety under Uskayaw
  5275 | D:7      | Reached ** piety under Uskayaw
  5396 | D:7      | Reached skill level 9 in Long Blades
  5581 | D:5      | Entered Level 5 of the Dungeon
  5581 | D:5      | Found an opulent altar of Gozag.
  5746 | D:5      | Found an iron altar of Okawaru.
  5749 | D:5      | Found a shimmering altar of Xom.
  5749 | D:5      | Found a burning altar of Makhleb.
  5749 | D:5      | Found a basalt altar of Yredelemnul.
  6334 | D:4      | Reached XP level 8. HP: 54/54 MP: 9/9
  6345 | D:4      | Reached *** piety under Uskayaw
  6816 | D:4      | Got a transparent hunting sling
  6928 | D:4      | Reached skill level 10 in Long Blades
  6929 | D:4      | Reached skill level 5 in Fighting
  7096 | D:4      | Found an oddly glowing altar of Pakellas.
  7096 | D:4      | Noticed an orange crystal statue
  7160 | D:4      | Got a jewelled leather armour
  7183 | D:4      | Got a jewelled spear
  7313 | D:4      | Identified the +3 leather armour of Unic {rElec MP+9 Slay+2} (You found it on level 4 of the Dungeon)
  7448 | D:4      | Found Ahiemy's Antique Weapon Emporium.
  7474 | D:4      | Bought a glowing great sword for 143 gold pieces
  7539 | D:5      | Reached skill level 1 in Bows
  7802 | D:5      | Reached skill level 11 in Long Blades
  8783 | D:5      | Reached XP level 9. HP: 61/61 MP: 10/10
  9091 | D:6      | Learned a level 1 spell: Apportation
  9093 | D:6      | Learned a level 1 spell: Summon Butterflies
  9406 | D:6      | Noticed Edmund
  9414 | D:6      | Killed Edmund
  9414 | D:6      | Reached skill level 12 in Long Blades
  9835 | D:6      | Noticed Pikel
  9856 | D:6      | Killed Pikel
  9856 | D:6      | Reached skill level 5 in Bows
 10261 | D:7      | Reached **** piety under Uskayaw
 10264 | D:7      | Reached skill level 1 in Stealth
 10268 | D:7      | Reached ***** piety under Uskayaw
 10269 | D:7      | Reached skill level 1 in Armour
 10724 | D:8      | Reached skill level 13 in Long Blades
 10761 | D:8      | Reached XP level 10. HP: 51/69 MP: 11/11
 10871 | D:8      | Noticed Joseph
 10883 | D:8      | Killed Joseph
 11395 | D:8      | Found a staircase to the Lair.
 11563 | D:8      | Reached skill level 1 in Invocations
 11803 | D:8      | Reached skill level 1 in Summonings
 11803 | D:8      | Reached skill level 1 in Translocations
 12169 | D:8      | Reached skill level 14 in Long Blades
 12968 | D:9      | Got a pitted flail
 13534 | D:9      | Noticed Erica
 13569 | D:9      | Killed Erica
 13771 | D:9      | Found a staircase to the Orcish Mines.
 14215 | D:9      | Reached XP level 11. HP: 75/75 MP: 14/14
 14271 | D:9      | Found a stormy altar of Qazlal.
 14413 | Lair:1   | Entered Level 1 of the Lair of Beasts
 14413 | Lair:1   | Noticed a six-headed hydra
 14421 | Lair:1   | Killed a three-headed hydra
 15251 | Lair:1   | Reached skill level 15 in Long Blades
 17658 | Lair:2   | Noticed a four-headed hydra
 17665 | Lair:2   | Killed a one-headed hydra
 17848 | Lair:2   | Reached skill level 16 in Long Blades
 17931 | Lair:2   | Noticed a six-headed hydra
 17943 | Lair:2   | Killed a four-headed hydra
 17972 | Lair:2   | Noticed a death yak
 18334 | Lair:2   | Noticed a death yak
 18390 | Lair:2   | Killed a death yak
 18592 | Lair:2   | Noticed a death yak
 18746 | Lair:2   | Killed a death yak
 18746 | Lair:2   | Reached XP level 12. HP: 56/84 MP: 15/15
 18747 | Lair:2   | Killed a death yak
 19446 | Lair:3   | Found a staircase to the Shoals.
 19786 | Lair:3   | Noticed a queen ant
 19810 | Lair:3   | Killed a queen ant
 20345 | Lair:3   | Reached skill level 17 in Long Blades
 20367 | Lair:3   | Reached ****** piety under Uskayaw
 21327 | Lair:4   | Reached skill level 5 in Stealth
 21332 | Lair:4   | Reached skill level 5 in Invocations
 21515 | Lair:4   | Noticed a six-headed hydra
 21820 | Lair:4   | Killed a one-headed hydra
 22492 | Lair:4   | Reached skill level 10 in Fighting
 22567 | Lair:4   | Reached XP level 13. HP: 92/92 MP: 18/18
 22608 | Lair:4   | Found a hole to the Spider Nest.
 23090 | Lair:5   | Reached skill level 18 in Long Blades
 23396 | Lair:5   | Found a staircase to the Slime Pits.
 23864 | Lair:5   | Identified the +10 hunting sling of the Trees {freeze, *Corrode MR+ MP+9 Stlth+} (You found it on level 4 of the Dungeon)
 24891 | Orc:1    | Entered Level 1 of the Orcish Mines
 24942 | Orc:1    | Found a dark tunnel.
 24951 | Volcano  | Entered a volcano
 25510 | Volcano  | Found a bloodstained altar of Trog.
 26738 | Orc:1    | Noticed an orc warlord
 26746 | Orc:1    | Reached skill level 1 in Spellcasting
 26971 | D:10     | Entered Level 10 of the Dungeon
 26989 | D:10     | Noticed Maud
 27001 | D:10     | Killed Maud
 27433 | D:10     | Noticed Fannar
 27461 | D:10     | Killed Fannar
 27775 | D:10     | Reached skill level 10 in Dodging
 28283 | Lair:1   | Identified a scroll of acquirement
 28785 | Lair:6   | Entered Level 6 of the Lair of Beasts
 28861 | Lair:6   | Reached XP level 14. HP: 76/101 MP: 19/19
 29098 | Lair:6   | Paralysed by a wasp for 2 turns
 31876 | Lair:5   | Upgraded the game from 0.19-a0-645-gfd18b6f to 0.19-a0-664-g51fd293
 33771 | Lair:6   | Reached skill level 19 in Long Blades
 35143 | D:9      | Killed an orc warlord
 35435 | Orc:2    | Entered Level 2 of the Orcish Mines
 35816 | Orc:2    | Reached skill level 5 in Armour
 35828 | Orc:2    | Reached skill level 10 in Bows
 35868 | Orc:2    | Found a staircase to the Elven Halls.
 37106 | Orc:2    | Found Licoinag's Gadget Shop.
 37106 | Orc:2    | Found Joqokaj's Weapon Emporium.
 37112 | Orc:2    | Found Ymokkack's Weapon Emporium.
 37112 | Orc:2    | Found Xegix's Food Shop.
 37132 | Orc:2    | Bought the +7 longbow "Veumpor" {freeze, MR+} for 891 gold pieces
 38225 | Spider:1 | Entered Level 1 of the Spider Nest
 38779 | Spider:1 | Reached XP level 15. HP: 76/108 MP: 15/21
 38781 | Spider:1 | Noticed Frances
 39435 | Shoals:1 | Entered Level 1 of the Shoals
 40308 | Lair:4   | Killed Frances
 41109 | D:9      | Upgraded the game from 0.19-a0-664-g51fd293 to 0.19-a0-678-ge7aab0b
 42082 | Lair:4   | Slain by a wolf spider

Vault maps used:
D:1:      dpeg_arrival_radiant
D:2:      nemelex_dance_club_becter, uniq_sigmund
D:3:      kennysheep_slugbush, uniq_natasha
D:4:      serial_shops, nicolae_shop_window_shopping,
          gammafunk_pakellas_statue_experiment
D:5:      grunt_temple_overflow_open, first_bread,
          hangedman_abyss_or_decor_passed, st_stairs_7,
          kennysheep_cluttered_room, nicolae_gozag_seed_capital
D:6:      hangedman_decor_clover_reticule, uniq_pikel, uniq_edmund
D:7:      minmay_temple_entry_hall, grunt_livestock
D:8:      minmay_lair_entry_grove, grunt_ministairs_3,
          kennysheep_big_empty_room, uniq_joseph
D:9:      orc_0_dummy, nicolae_qazlal_eye_of_the_storm, uniq_erica
D:10:     uniq_maud, uniq_fannar
Temple:   kilobyte_greek_temple_18
Lair:1:   worms_lemuel, serial_bayou_shore_b
Lair:2:   beast_lair_carwin_4
Lair:3:   elwin_shoals_entry_rocks, minmay_another_anthill,
          serial_bayou_shore_b, grunt_megastairs_5
Lair:4:   dummy_spider_entry, grunt_megastairs_1
Lair:5:   nicolae_slime_entry_slimehenge, minmay_lair_drake_nest
Lair:6:   hangedman_lair_tendril_chambers, infiniplex_staircase_pool_2,
          lemuel_fruit_tree
Spider:1: hangedman_spider_trapstep, uniq_frances
Orc:1:    nicolae_volcano_entry_batcave
Orc:2:    grunt_orc_tribal_feast
Volcano:  volcano_lake

Skill      XL: |  1  2  3  4  5  6  7  8  9 10 11 12 13 14 15 |
---------------+----------------------------------------------+-----
Long Blades    | 4 5 6 7 9 11 13 14 16 17 18 19 | 19.5
Dodging        | 4 5 8 10 11 | 11.4
Fighting       | 3 4 5 6 7 8 10 11 12 | 12.2
Bows           | 4 6 7 8 10 | 10.4
Stealth        | 2 3 5 7 8 |  8.1
Armour         | 1 2 5 |  5.0
Invocations    | 3 6 7 |  7.5
Summonings     | 2 3 |  3.0
Translocations | 2 3 |  3.2
Spellcasting   | 2 |  2.1
Throwing       | |  2.0

Action                   |  1- 3 |  4- 6 |  7- 9 | 10-12 | 13-15 || total
-------------------------+-------+-------+-------+-------+-------++-------
Melee: Long sword        |   118 |   149 |   165 |       |       ||   432
       Great sword       |       |       |   243 |   898 |   490 ||  1631
       Scimitar          |       |       |       |    16 |    27 ||    43
       Triple sword      |       |       |       |       |   512 ||   512
 Fire: Hunting sling     |       |     4 |       |       |       ||     4
       Shortbow          |       |       |    34 |   255 |   214 ||   503
       Longbow           |       |       |       |       |    74 ||    74
Throw: Throwing net      |       |     3 |     4 |     2 |       ||     9
       Stone             |       |       |       |       |     6 ||     6
 Cast: Summon Butterflie |       |       |       |     6 |     4 ||    10
Invok: Stomp             |       |       |     3 |     1 |     5 ||     9
       Line Pass         |       |       |     1 |       |     1 ||     2
 Abil: Evoke Berserk Rag |       |       |       |     1 |       ||     1
Evoke: Wand              |       |       |    12 |     8 |     8 ||    28
       Phantom mirror    |       |       |       |     1 |       ||     1
       Box of beasts     |       |       |       |       |     4 ||     4
  Use: Potion            |     3 |     1 |     5 |     6 |    11 ||    26
       Scroll            |       |     4 |     7 |    11 |    25 ||    47
 Stab: Sleeping          |     1 |       |       |     6 |    19 ||    26
       Held in net/web   |       |     1 |     2 |       |       ||     3
       Paralysed         |       |       |     9 |    35 |    60 ||   104
       Confused          |       |       |     1 |       |       ||     1
       Distracted        |       |       |       |     1 |     4 ||     5
       Betrayed ally     |       |       |       |       |     1 ||     1
  Eat: Chunk             |     3 |     7 |     9 |    28 |    22 ||    69
       Royal jelly       |       |     1 |       |       |       ||     1
       Pizza             |       |       |     1 |     8 |     1 ||    10
       Meat ration       |       |       |     2 |       |     5 ||     7
       Bread ration      |       |       |       |       |     3 ||     3
Armor: Leather armour    |    35 |    22 |    78 |   220 |   235 ||   590
       Ring mail         |       |       |    31 |       |       ||    31
       Skin              |       |       |     3 |    27 |       ||    30
Dodge: Dodged            |    90 |    92 |   276 |   587 |   947 ||  1992
